 Dungeon Crawl Stone Soup version 0.29-a0-352-g0917bc69df (webtiles) character file.

Game seed: 16555289172261843993

1901 Colgate the Slicer (level 9, -4/48 HPs)
             Began as a Kobold Brigand on Apr 24, 2022.
             Was a Believer of Sif Muna.
             Slain by a gnoll
             ... wielding a +0 spear
              (6 damage)
             ... on level 6 of the Dungeon.
             The game lasted 00:21:58 (9030 turns).

Colgate the Slicer (Kobold Brigand)                 Turns: 9030, Time: 00:21:58

Health: -4/48      AC:  9    Str: 11    XL:     9   Next: 38%
Magic:  15/15      EV: 12    Int: 18    God:    Sif Muna [**....]
Gold:   141        SH:  0    Dex: 19    Spells: 16/16 levels left

rFire   . . .      SeeInvis .   b - +5 short sword of the Wasteland {drain, rCorr Str+3 Int+4}
rCold   . . .      Faith    .   (no shield)
rNeg    . . .      Spirit   .   t - +0 ring mail
rPois   .          Reflect  .   (no helmet)
rElec   .          Harm     .   c - +0 cloak
rCorr   +          Rampage  .   s - +1 pair of gloves
Will    .....                   p - +0 pair of boots
Stlth   ++++......              (no amulet)
HPRegen 0.16/turn               (no ring)
MPRegen 0.14/turn               (no ring)

@: studying Poison Magic
A: small, no large weapons, nightstalker 3
a: Renounce Religion, Channel Magic


You were on level 6 of the Dungeon.
You worshipped Sif Muna.
Sif Muna was pleased with you.
You visited 2 branches of the dungeon, and saw 7 of its levels.

You collected 381 gold pieces.
You spent 240 gold pieces at shops.

Inventory:

Hand Weapons
 a - a +4 dagger of chaos
 b - the +5 short sword of the Wasteland (weapon) {drain, rCorr Str+3 Int+4}
   (You found it on level 2 of the Dungeon)

   A truly terrible weapon, it drains the life of any living foe it strikes.
   Str:       It affects your strength (+3).
   Int:       It affects your intelligence (+4).
   rCorr:     It protects you from acid and corrosion.
Missiles
 d - 9 poisoned darts (quivered)
 e - 3 curare-tipped darts
 h - 2 throwing nets {!f}
Armour
 c - a +0 cloak (worn)
 m - a +0 robe
 p - a +0 pair of boots (worn)
 s - a +1 pair of gloves (worn)
 t - a +0 ring mail (worn)
 w - a +0 plate armour
 A - a +0 kite shield
Jewellery
 E - a ring of wizardry
 H - a ring of protection from cold
Wands
 y - a wand of mindburst (7)
 C - a wand of digging (7) {@v3}
 F - a wand of flame (16)
 G - a wand of paralysis (8)
Scrolls
 f - 4 scrolls of fog
 n - 3 scrolls of immolation
 u - 2 scrolls of teleportation {@r3}
 v - a scroll of magic mapping {@r5}
 x - 3 scrolls of holy word
 D - a scroll of fear
Potions
 g - 2 potions of ambrosia {unknown}
 i - a potion of experience {unknown}
 j - 2 potions of might {@q3}
 k - 3 potions of magic {unknown}
 l - 2 potions of flight {unknown}
 o - 4 potions of heal wounds {@q2}
 q - 2 potions of curing {@q1}
 r - a potion of brilliance
 z - 2 potions of lignification {unknown}
 B - a potion of invisibility


   Skills:
 - Level 2.1 Fighting
 - Level 8.0 Short Blades
 - Level 2.1 Throwing
 - Level 1.2 Dodging
 - Level 5.3 Stealth
 - Level 4.3 Spellcasting
 + Level 5.6 Conjurations
 - Level 6.7 Earth Magic


You had 16 spell levels left.
You didn't know any spells.
Your spell library contained the following spells:

 Spells                   Type           Power      Damage    Failure   Level
 Scorch                   Fire           6%         2d5       47%         2
 Animate Armour           Summ/Erth      30%        N/A       65%         4
 Tukima's Dance           Hex            3%         N/A       71%         3
 Flame Wave               Conj/Fire      13%        2d6       73%         4
 Passage of Golubria      Tloc           3%         N/A       98%         4
 Iron Shot                Conj/Erth      13%        9d3       99%         6
 Blade Hands              Tmut           1%         N/A       100%        5
 Yara's Violent Unravell  Hex/Tmut       1%         3d3       100%        5
 Summon Cactus Giant      Summ           1%         N/A       100%        6


Dungeon Overview and Level Annotations

Branches:
Dungeon (6/15)             Temple (1/1) D:6

Altars:
Ashenzari
Cheibriados
Dithmenos
Elyvilon
Fedhas
Gozag
Hepliaklqana
Makhleb
Nemelex Xobeh
Okawaru
Qazlal
Ru
Sif Muna
Trog
Vehumet
Wu Jian
Xom
Yredelemnul
Zin
The Shining One

Shops:
D:1 !

Annotations:
D:4 3 runed translucent doors, Mandevil's ghost, amateur SpAM


Innate Abilities, Weirdness & Mutations

You are small and have problems with some larger weapons.
You are completely attuned to the shadows.


Message History

You are too injured to fight recklessly!
You are too injured to fight recklessly!
You are too injured to fight recklessly!
You are too injured to fight recklessly!
You are too injured to fight recklessly!
You are too injured to fight recklessly!
You are too injured to fight recklessly!
You are too injured to fight recklessly!
You are too injured to fight recklessly!
You are too injured to fight recklessly!
You are too injured to fight recklessly!
You are too injured to fight recklessly!
The gnoll hits you but does no damage.
The black bear goes berserk!
The black bear attacks as you move away!
The black bear bites you but does no damage.
The black bear claws you.
The black bear claws you but does no damage.
The gnoll hits you from afar with a +0 spear.
The black bear misses you. The black bear closely misses you.
The black bear claws you but does no damage.
You hit the black bear but do no damage.
The black bear bites you!
* * * LOW HITPOINT WARNING * * *
The black bear claws you but does no damage.
The black bear barely misses you. The gnoll barely misses you.
You puncture the black bear!
The black bear bites you but does no damage.
The black bear closely misses you. The black bear claws you.
* * * LOW HITPOINT WARNING * * *
You closely miss the black bear. The black bear bites you.
* * * LOW HITPOINT WARNING * * *
The black bear claws you but does no damage. x2
The gnoll closely misses you.
You hit the black bear.
You kill the black bear!
Sif Muna accepts your kill.
The gnoll sergeant hits you from afar with a +6 vampiric spear.
* * * LOW HITPOINT WARNING * * *
The gnoll hits you from afar with a +0 spear.
You die...

#.. ####.# #.# #....#
#.# .....####.#
##########
...)gg.##.#####...>.....
...).#†@.....##.#######.
###.gg###.##.##.........
#.#........##..######.
#...###.#.#.#..# #. ...
...###...######. .....#
##......... .....#
##.######. .......#
##..# #. #.....^###.#.#
#.


You could see a gnoll sergeant and 3 gnolls.

Vanquished Creatures
  Pikel (D:4)
  Sigmund (D:2)
  A black bear (D:6)
  4 ogres (D:5)
  2 lemures (D:4)
  2 phantoms
  2 necrophages
  4 scorpions (D:5)
  2 hounds
  An orc wizard (D:5)
  Natasha (thrice) (D:2)
  4 iguanas
  2 gnolls (D:6)
  9 adders
  An ufetubus (D:5)
  3 worms
  4 orcs
  6 endoplasms
  4 giant cockroaches
  11 hobgoblins
  4 jackals (D:1)
  9 kobolds
  3 quokkas
  7 ball pythons
  3 bats
  4 frilled lizards
  13 goblins
  5 rats
115 creatures vanquished.

Vanquished Creatures (others)
  39 plants (D:5)
  9 withered plants (D:2)
48 creatures vanquished.

Grand Total: 163 creatures vanquished

Notes
Turn   | Place    | Note
-------+----------+-------------------------------------------
     0 | D:1      | Colgate the Kobold Brigand began the quest for the Orb.
     0 | D:1      | Reached XP level 1. HP: 12/12 MP: 1/1
    34 | D:1      | Reached skill level 3 in Short Blades
   137 | D:1      | Reached XP level 2. HP: 16/17 MP: 2/2
   477 | D:1      | Reached skill level 4 in Short Blades
   709 | D:1      | Found Ijocsij's Distillery.
   733 | D:1      | Reached XP level 3. HP: 21/21 MP: 3/3
  1899 | D:2      | Reached skill level 5 in Short Blades
  2039 | D:2      | Found a faded altar of an unknown god.
  2051 | D:2      | Prayed at the altar of an unknown god.
  2051 | D:2      | Became a worshipper of Sif Muna the Loreminder
  2051 | D:2      | Reached * piety under Sif Muna
  2324 | D:2      | Reached XP level 4. HP: 18/26 MP: 4/4
  2609 | D:2      | Identified the +5 short sword of the Wasteland {drain,
                  | rCorr Str+3 Int+4}
  2681 | D:2      | Noticed Sigmund
  2694 | D:2      | Killed Sigmund
  2695 | D:2      | Reached skill level 8 in Short Blades
  2695 | D:2      | Reached XP level 5. HP: 30/30 MP: 5/5
  2695 | D:2      | Reached XP level 6. HP: 35/35 MP: 6/6
  2787 | D:2      | Noticed Natasha
  2791 | D:2      | Killed Natasha
  2792 | D:2      | Reached skill level 1 in Spellcasting
  3008 | D:2      | Noticed Natasha
  3020 | D:2      | Killed Natasha
  3028 | D:2      | Noticed Natasha
  3031 | D:2      | Killed Natasha
  3588 | D:1      | Bought a potion of heal wounds for 60 gold pieces
  3588 | D:1      | Bought a potion of curing for 36 gold pieces
  3588 | D:1      | Bought a potion of brilliance for 48 gold pieces
  3742 | D:3      | Found a basalt altar of Yredelemnul.
  3742 | D:3      | Found a radiant altar of Vehumet.
  4900 | D:4      | Found a runed translucent gate.
  4902 | D:4      | Found a runed translucent gate.
  4976 | D:4      | Noticed Mandevil's ghost (amateur SpAM)
  5003 | D:4      | Reached XP level 7. HP: 40/40 MP: 9/11
  5078 | D:4      | Reached ** piety under Sif Muna
  5298 | D:1      | Bought a potion of invisibility for 96 gold pieces
  5478 | D:4      | Found a runed translucent gate.
  5526 | D:4      | Noticed Pikel
  6272 | D:4      | Killed Pikel
  6273 | D:4      | Reached skill level 5 in Conjurations
  6273 | D:4      | Reached XP level 8. HP: 15/44 MP: 14/14
  6570 | D:5      | Entered Level 5 of the Dungeon
  6627 | D:5      | Reached skill level 1 in Earth Magic
  7152 | D:5      | Reached XP level 9. HP: 48/48 MP: 15/15
  7263 | D:5      | Reached skill level 5 in Earth Magic
  8400 | D:6      | Found a staircase to the Ecumenical Temple.
  8406 | Temple   | Entered the Ecumenical Temple
  9030 | D:6      | HP: 2/48 [gnoll sergeant/+6 vampiric spear (5)]
  9030 | D:6      | Slain by a gnoll

Illustrated notes

Levels and vault maps discovered:
D:1:      minmay_arrival_three_doors, layout_basic, serial_shops, shop,
          minmay_hexomino_u4
D:2:      layout_loops_corners, shapermc_ecumenical_altar_flowoftime,
          minmay_misc_feat_tower, uniq_natasha, uniq_sigmund
D:3:      layout_loops_corners, jmf_multi_god_temple
D:4:      layout_basic, gammafunk_ghost_split, minmay_goblin_outpost, uniq_pikel
D:5:      layout_gridville, serial_bayou, serial_bayou_pond_b,
          serial_bayou_pond_d, serial_bayou_shore_b, serial_bayou_lagoon_b,
          serial_bayou_shore_a, serial_bayou_lagoon_a, minmay_manual_moon
D:6:      layout_loops_ring, minmay_temple_entry_arrows
Temple:   hc_temple_tempest_star

Skill      XL: |  1  2  3  4  5  6  7  8  9 |
---------------+----------------------------+-----
Short Blades   | 3 4 5 8 |  8.0
Spellcasting   | 3 4 |  4.3
Conjurations   | 5 |  5.6
Earth Magic    | 4 6 |  6.7
Fighting       | |  2.1
Throwing       | |  2.1
Dodging        | |  1.2
Stealth        | |  5.3

Action                   |  1- 3 |  4- 6 |  7- 9 || total
-------------------------+-------+-------+-------++-------
Melee: Dagger            |   120 |    34 |    18 ||   172
       Punch             |     2 |     4 |     2 ||     8
       Short sword       |       |    18 |   215 ||   233
Throw: Dart              |       |     7 |     3 ||    10
       Throwing net      |       |     2 |       ||     2
  Use: Scroll            |       |     4 |     4 ||     8
 Stab: Sleeping          |    16 |    11 |     4 ||    31
       Distracted        |       |       |     2 ||     2
Armor: Robe              |    12 |     3 |     4 ||    19
       Ring mail         |       |       |    63 ||    63
Dodge: Dodged            |    51 |    22 |   120 ||   193

Table legend: (Time is in decaauts)
 A = Elapsed time spent in this place.
 B = Non-inter-level travel time spent in this place.
 C = Inter-level travel time spent in this place.
 D = Time resting spent in this place.
 E = Time spent auto-exploring this place.
 F = Levels seen in this place.
 G = Mean time per level.
                   A        B        C        D        E       F      G
               +--------+--------+--------+--------+--------+-----+--------+
         Total |   8948 |   8141 |    807 |      0 |   6932 |   7 | 1278.3 |
       Dungeon |   8607 |   7830 |    777 |      0 |   6637 |   6 | 1434.5 |
        Temple |    341 |    311 |     30 |      0 |    294 |   1 |  341.0 |
               +--------+--------+--------+--------+--------+-----+--------+

Top non-repeatable levels by time:
     D:2: 1982 daAuts
     D:1: 1773 daAuts
     D:5: 1669 daAuts
     D:3: 1512 daAuts
     D:4: 1282 daAuts
     D:6: 388 daAuts
  Temple: 341 daAuts
